 Dungeon Crawl Stone Soup version 0.27.0-1-g7a089689b8 (webtiles) character file.

Game seed: 11348805860962883752

128 dolemite99 the Chiller (level 5, -8/35 HPs)
             Began as a Merfolk Ice Elementalist on Aug 3, 2021.
             Was a Follower of Fedhas.
             Killed by divine providence
             ... invoked by an orc priest
              (15 damage)
             ... on level 2 of the Dungeon.
             The game lasted 00:03:02 (2982 turns).

dolemite99 the Chiller (Merfolk Ice Elementalist)   Turns: 2982, Time: 00:03:03

Health: -8/35      AC:  2    Str:  9    XL:     5   Next: 12%
Magic:  3/8        EV: 12    Int: 15    God:    Fedhas [*.....]
Gold:   41         SH:  0    Dex: 14    Spells: 4/8 levels left

rFire    . . .     SeeInvis .   r - +2 dagger (venom)
rCold    . . .     Faith    .   (no shield)
rNeg     . . .     Spirit   .   a - +0 robe
rPois    .         Reflect  .   (no helmet)
rElec    .         Harm     .   l - scarf {shadows}
rCorr    .         Rampage  .   (no gloves)
Will     .....                  (no boots)
Stlth    ++........             (no amulet)
HPRegen  0.11/turn              (no ring)
MPRegen  0.11/turn              (no ring)

@: freezing walls
A: (nimble swimmer 2), mertail
a: Renounce Religion


You were on level 2 of the Dungeon.
You worshipped Fedhas.
Fedhas was aware of your devotion.
You visited 1 branch of the dungeon, and saw 2 of its levels.

You collected 41 gold pieces.

Inventory:

Hand Weapons
 f - a +0 dagger
 g - a +0 club
 r - a +2 dagger of venom (weapon)
Missiles
 e - 41 stones
 n - 23 arrows
 p - 48 sling bullets
Armour
 a - a +0 robe (worn)
 h - a +0 hat
 i - a +1 buckler of cold resistance
 j - a +0 leather armour
 l - a scarf of shadows (worn)
Scrolls
 b - a scroll of noise {unknown}
 c - 2 scrolls of identify {unknown}
 d - a scroll of acquirement {unknown}
 m - a scroll of silence {unknown}
 o - a scroll of brand weapon {unknown}
Potions
 k - a potion of curing {unknown}
 q - a potion of heal wounds {unknown}


   Skills:
 - Level 2.6 Dodging
 - Level 2.1 Stealth
 - Level 2.0 Spellcasting
 + Level 6.9 Ice Magic


You had 4 spell levels left.
You knew the following spells:

 Your Spells              Type           Power      Damage    Failure   Level
a - Freeze                Ice            88%        1d10      1%          1
b - Frozen Ramparts       Ice            44%        1d6       3%          3

Your spell library contained the following spells:

 Spells                   Type           Power      Damage    Failure   Level
 Ozocubu's Armour         Ice            22%        N/A       3%          3
 Hailstorm                Conj/Ice       11%        3d5       47%         4


Dungeon Overview and Level Annotations

Branches:
Dungeon (2/15)

Altars:
Fedhas


Innate Abilities, Weirdness & Mutations

((You are quick and stealthy near water. (Stealth+, EV+, Speed+++)))
Your lower body shifts to a powerful aquatic tail in water.


Message History

You hit the orc but do no damage.
The orc looks as sick as possible!
The orc priest hits you from afar with a +0 trident.
The orc closely misses you.
You hit the orc.
You kill the orc!
Fedhas appreciates your contribution to the ecosystem.
The orc priest hits you from afar with a +0 trident!
The orc priest hits you with a +0 trident!
* * * LOW HITPOINT WARNING * * *
Things that are here:
a +0 flail; a +0 chain mail; an orc corpse
Casting: Freeze (safe; 1% risk of failure)
Confirm with . or Enter, or press ? or * to list all spells.
Casting: Frozen Ramparts (dangerous; 3% risk of failure)
Press: ? - help, Dir - look around, f - activate The walls around you are covered in ice.
The wall freezes the orc priest.
The orc priest misses you.
Unknown command.
Casting: Frozen Ramparts (dangerous; 3% risk of failure)
Confirm with . or Enter, or press ? or * to list all spells.
Aiming: Freeze (safe; 1% risk of failure)
Press: ? - help, Shift-Dir - straight line, f - orc priest
Aim: an orc priest, wielding a +0 trident and wearing a +0 chain mail (moderately wounded)
You freeze the orc priest.
The orc priest is moderately wounded.
The wall freezes the orc priest.
The orc priest hits you with a +0 trident.
* * * LOW HITPOINT WARNING * * *
Casting: Freeze (safe; 1% risk of failure)
Confirm with . or Enter, or press ? or * to list all spells.
Aiming: Freeze (safe; 1% risk of failure)
Press: ? - help, Shift-Dir - straight line, f/p - orc priest
Aim: an orc priest, wielding a +0 trident and wearing a +0 chain mail (heavily wounded)
You freeze the orc priest.
The orc priest is heavily wounded.
The wall freezes the orc priest.
The orc priest calls down the wrath of Beogh upon you.
Beogh smites you!
You die...
Fedhas appreciates your contribution to the ecosystem.

#.. #.##.#
#..###.##.#
..........#
.<...#)#.[#####...
#..........†.....
###.#.########./. #
#.#.#
#.####.#o########.
#........@......?.
#......##########.
#.####.# ####.#
#....### ######..
....#....###.......
#............#####.
...###.....### ...#
#[#.#....#


You could see an orc priest.

Vanquished Creatures
  An orc wizard (D:2)
  Natasha (D:2)
  A gnoll (D:2)
  An adder (D:2)
  3 dart slugs
  2 orcs (D:2)
  A ball python (D:1)
  5 endoplasms (D:1)
  6 goblins
  5 hobgoblins
  6 jackals
  A kobold (D:1)
  6 quokkas
  3 bats
  5 frilled lizards
  2 rats
49 creatures vanquished.

Notes
Turn   | Place    | Note
-------+----------+-------------------------------------------
     0 | D:1      | dolemite99 the Merfolk Ice Elementalist began the quest for
                  | the Orb.
     0 | D:1      | Reached XP level 1. HP: 13/13 MP: 3/3
   492 | D:1      | Reached XP level 2. HP: 19/19 MP: 0/5
   574 | D:1      | Reached skill level 5 in Ice Magic
   779 | D:1      | Found a faded altar of an unknown god.
  1280 | D:1      | Reached XP level 3. HP: 24/24 MP: 4/6
  1303 | D:1      | Learned a level 3 spell: Frozen Ramparts
  2208 | D:1      | Became a worshipper of Fedhas Madash
  2208 | D:1      | Reached * piety under Fedhas
  2413 | D:2      | Reached skill level 6 in Ice Magic
  2511 | D:2      | Noticed Natasha
  2533 | D:2      | Killed Natasha
  2534 | D:2      | Reached XP level 4. HP: 13/30 MP: 3/7
  2931 | D:2      | Reached XP level 5. HP: 26/35 MP: 3/8
  2982 | D:2      | Killed from afar by an orc priest

Illustrated notes

Levels and vault maps discovered:
D:1:      minmay_arrival_five_plusses, layout_rooms,
          hellmonk_ecumenical_altar_lost_god, st_stairs_8
D:2:      layout_loops_ring, minmay_fractal_squares_5, uniq_natasha

Skill      XL: |  1  2  3 |
---------------+----------+-----
Ice Magic      | 5 6 |  6.9
Dodging        | |  2.6
Stealth        | |  2.1
Spellcasting   | |  2.0

Action                   |  1- 3 |  4- 6 || total
-------------------------+-------+-------++-------
Melee: Unarmed           |     1 |       ||     1
       Dagger            |    15 |     7 ||    22
 Cast: Freeze            |    60 |    15 ||    75
       Frozen Ramparts   |     1 |     1 ||     2
Armor: Robe              |    17 |     3 ||    20
Dodge: Dodged            |    61 |    13 ||    74
